 Dungeon Crawl Stone Soup version 0.17-a0-1056-g838d5c0 (webtiles) character file.

441 Lugonue the Slasher (level 6, -5/52 HPs)
             Began as a Draconian Warper on May 16, 2015.
             Was a Follower of Okawaru.
             Slain by an ogre
             ... wielding a +0 giant club
              (17 damage)
             ... on level 5 of the Dungeon.
             The game lasted 00:12:16 (5209 turns).

Lugonue the Slasher (Draconian Warper)              Turns: 5209, Time: 00:12:17

Health: -5/52      AC:  8    Str: 14    XL:     6   Next: 71%
Magic:  9/9        EV: 12    Int: 13    God:    Okawaru [*.....]
Gold:   169        SH:  0    Dex: 10    Spells: 4 memorised, 2 levels left

rFire  . . .     SeeInvis .     a - +1 falchion
rCold  . . .     Clarity  .     (armour unavailable)
rNeg   . . .     SustAb   .     (no shield)
rPois  .         Gourm    .     (helmet restricted)
rElec  .         Spirit   .     w - +1 cloak
rCorr  .         Warding  .     (no gloves)
rMut   .         Stasis   .     (no boots)
MR     .....                    (no amulet)
Stlth  +.........               (no ring)
                                k - ring of teleport control

@: slowed, very slow, not resistant to hostile enchantments, very unstealthy
A: unfitting armour, clumsy 1, robust 1, slow healing 1, cold-blooded, AC +6
a: Heroism, Renounce Religion, Evoke Teleport Control


You were on level 5 of the Dungeon.
You worshipped Okawaru.
Okawaru was aware of your devotion.
You were full.

You visited 1 branch of the dungeon, and saw 5 of its levels.

You collected 169 gold pieces.

Inventory:

Hand weapons
 a - a +1 falchion (weapon)
 b - a +0 blowgun
 r - a +0 dagger of holy wrath
Missiles
 d - a tomahawk of dispersal (quivered)
 f - 11 tomahawks
 i - 192 stones
 v - 39 poisoned needles
Armour
 w - a +1 cloak (worn)
Magical staves
 o - an uncursed staff of wizardry
Jewellery
 k - a ring of teleport control (left hand)
 q - an uncursed ring of ice
Magical devices
 y - a wand of slowing (30)
Scrolls
 c - 3 scrolls of blinking
 g - a scroll of amnesia
 t - 2 scrolls of remove curse
 x - a scroll of identify
Potions
 l - a potion of might
 m - a potion of flight {unknown}
 n - a potion of haste
 p - a potion of brilliance {unknown}
Books
 u - a book of Spatial Translocations

   Spells                             Type                      Level
   a - Apportation                    Translocation                1
   b - Blink                          Translocation                2
   c - Shroud of Golubria             Charms/Translocation         2
   d - Portal Projectile              Translocation                3
   e - Teleport Other                 Translocation                3
   f - Passage of Golubria            Translocation                4
Comestibles
 e - 5 bread rations
 j - 4 fruits
 s - a meat ration
 A - a royal jelly


   Skills:
 - Level 2.1 Fighting
 * Level 6.4 Long Blades
 - Level 0.8 Throwing
 - Level 2.1 Dodging
 - Level 0.2 Stealth
 + Level 2.5 Spellcasting
 + Level 4.0 Translocations


You had 2 spell levels left.
You knew the following spells:

 Your Spells              Type           Power        Failure   Level  Hunger
a - Apportation           Tloc           ##........   6%          1    #......
b - Blink                 Tloc           N/A          10%         2    ###....
c - Teleport Other        Tloc           ##......     14%         3    ###....
d - Shroud of Golubria    Chrm/Tloc      #.........   17%         2    ###....


Dungeon Overview and Level Annotations

Branches:
Dungeon (5/15)
 Temple: D:4-7

Altars:
Gozag
Okawaru
Trog
Xom
Zin

Shops:
D:4 (

Annotations:
D:3 DEFE's ghost, average MfFi


Innate Abilities, Weirdness & Mutations

Your plain brown scales are hard (AC +6).
Your body does not fit into most forms of armour.
You are cold-blooded and may be slowed by cold attacks.
You are clumsy. (Dex -2)
You are robust (+10% HP).
You heal slowly when monsters are visible.


Message History

The orc wizard is heavily wounded.
The orc wizard hits you but does no damage.
The ogre hits you with a giant club!!
The orc wizard hits you but does no damage.
You barely miss the orc wizard.
The orc wizard is heavily wounded.
The orc wizard misses you. The ogre closely misses you.
You hit the orc wizard but do no damage.
The orc wizard is heavily wounded.
The orc wizard mumbles some strange words.
The orc wizard blinks!
The ogre completely misses you.
There is an open door here.
The ogre hits you with a giant club.
* * * LOW HITPOINT WARNING * * *
The ogre closely misses you.
The crimson imp hits you but does no damage.
The crimson imp blinks!
The crimson imp barely misses you. The crimson imp closely misses you.
The ogre hits you with a giant club!
You die...

#.....####'###...#
............###+#####
............##..##..##
............#........#
............'....ยง...#
#...######).######.##############
###'#######'######o###.#....##..#
...........<...#.O...............
...............#@5......#........
...............'........#........
#.####..##...###+#####'##...###.#
#+ ##+##...###..###..###+####'#
....................#...
....................#...
##...................(... #+##
#...####.####.###..)##.. ....
#+######o####.########..


You could see an ogre, an orc wizard and a crimson imp.

Vanquished Creatures
  A centaur (D:5)
  2 crimson imps
  A centaur skeleton (D:4)
  An orc priest (D:5)
  An orc wizard (D:4)
  An iguana (D:5)
  6 adders
  3 oozes
  An adder skeleton (D:5)
  3 worms
  5 giant geckos
  9 orcs
  A ball python (D:4)
  2 bats
  9 giant cockroaches
  10 hobgoblins
  12 kobolds
  A quokka (D:5)
  A giant gecko skeleton (D:5)
  9 giant newts
  10 goblins
  13 rats
102 creatures vanquished.

Notes
Turn   | Place    | Note
--------------------------------------------------------------
     0 | D:1      | Lugonue the Draconian Warper began the quest for the Orb.
     0 | D:1      | Reached XP level 1. HP: 17/17 MP: 3/3
   160 | D:1      | Reached XP level 2. HP: 7/24 MP: 5/5
   604 | D:1      | Reached XP level 3. HP: 20/29 MP: 6/6
   963 | D:2      | Found a shimmering altar of Xom.
   974 | D:2      | Noticed an angel
   977 | D:2      | Found a glowing silver altar of Zin.
  1067 | D:2      | Learned a level 2 spell: Blink
  1071 | D:2      | Learned a level 3 spell: Teleport Other
  1208 | D:2      | Found a bloodstained altar of Trog.
  1390 | D:2      | Reached XP level 4. HP: 28/36 MP: 7/7
  1897 | D:3      | Noticed DEFE's ghost (average MfFi)
  2191 | D:3      | Reached skill level 4 in Long Blades
  2456 | D:3      | Found an opulent altar of Gozag.
  2677 | D:3      | Found an iron altar of Okawaru.
  2859 | D:3      | Became a worshipper of Warmaster Okawaru
  3517 | D:4      | Reached XP level 5. HP: 39/41 MP: 8/8
  3766 | D:4      | Found Saqunudgh's Antique Weapon Boutique.
  3890 | D:4      | Gained mutation: You are robust (+10% HP). [potion of mutation]
  3890 | D:4      | Gained mutation: You heal slowly when monsters are visible. [potion of mutation]
  3890 | D:4      | Gained mutation: You are clumsy. (Dex -2) [potion of mutation]
  4256 | D:4      | Reached skill level 5 in Long Blades
  4560 | D:5      | Entered Level 5 of the Dungeon
  4606 | D:5      | Reached XP level 6. HP: 47/52 MP: 9/9
  4839 | D:5      | Learned a level 2 spell: Shroud of Golubria
  4854 | D:5      | Noticed a centaur
  4867 | D:5      | Killed a centaur
  4867 | D:5      | Reached skill level 6 in Long Blades
  5034 | D:5      | Noticed an ogre
  5036 | D:5      | Noticed a sky beast
  5190 | D:5      | Acquired Okawaru's first power
  5209 | D:5      | Slain by an ogre

Vault maps used:
D:1:      lightli_arrival_lavapool
D:2:      grunt_temple_overflow_order_and_chaos_1,
          lemuel_coloured_pillars_altar, first_bread
D:3:      nicolae_gozag_seed_capital, okawaru_metal_pillars_1_2,
          minmay_quantized
D:4:      serial_shops, shop, gup_sewer_entry_spiral
D:5:      st_stairs_4

Action                   |  1- 3 |  4- 6 || total
-------------------------+-------+-------++-------
Melee: Falchion          |   101 |   331 ||   432
Throw: Tomahawk          |     2 |     5 ||     7
 Cast: Teleport Other    |       |     3 ||     3
       Shroud of Golubri |       |     1 ||     1
  Use: Scroll            |     5 |     9 ||    14
       Potion            |       |     3 ||     3
  Eat: Chunk             |     2 |     3 ||     5
       Bread ration      |       |     3 ||     3
       Pizza             |       |     1 ||     1
